 Dungeon Crawl Stone Soup version 0.27-a0-385-g3208abaabc (webtiles) character file.

Game seed: 4695914497564561202

331 wampuh the Fighter (level 6, -2/56 (58) HPs)
             Began as a Demonspawn Monk on Feb 19, 2021.
             Slain by Crazy Yiuf
             ... wielding a +4 quarterstaff of chaos
              (14 damage)
             ... on level 2 of the Dungeon.
             The game lasted 00:02:54 (2181 turns).

wampuh the Fighter (Demonspawn Monk)                Turns: 2181, Time: 00:02:55

HP:   -2/56 (58)    AC: 13    Str: 14    XL:     6   Next: 26%
MP:   15/15         EV: 16    Int: 11    God:
Gold: 94            SH:  0    Dex: 15    Spells: 5/5 levels left

rFire    . . .     SeeInvis .   l - +1 dagger (protect)
rCold    . . .     Faith    .   (no shield)
rNeg     . . .     Spirit   .   d - +0 leather armour
rPois    .         Reflect  .   (no helmet)
rElec    .         Harm     .   h - +0 cloak
rCorr    .         Rampage  .   (no gloves)
Will     .....                  (no boots)
Stlth    ++........             (no amulet)
HPRegen  0.18/turn              j - ring of magical power
MPRegen  0.14/turn              (no ring)

@: lethally poisoned (-2 -> -3), protection aura, lightly drained
A: hooves 1, sharp scales 2
a: no special abilities


You were on level 2 of the Dungeon.
You visited 1 branch of the dungeon, and saw 2 of its levels.

You collected 94 gold pieces.

Inventory:

Hand Weapons
 l - a +1 dagger of protection (weapon)
Armour
 d - a +0 leather armour (worn)
 h - a +0 cloak (worn)
Jewellery
 j - a ring of magical power (left hand)
Scrolls
 b - 3 scrolls of identify {unknown}
 c - 3 scrolls of teleportation {unknown}
 e - a scroll of amnesia {unknown}
 f - 2 scrolls of blinking {unknown}
 m - a scroll of enchant armour {unknown}


   Skills:
 + Level 9.3 Fighting
 - Level 2.6 Maces & Flails
 + Level 1.3 Armour
 - Level 8.3 Dodging
 - Level 1.7 Stealth


You had 5 spell levels left.
You didn't know any spells.
Your spell library was empty.

Dungeon Overview and Level Annotations

Branches:
Dungeon (2/15)

Altars:
Zin

Annotations:
D:2 Crazy Yiuf


Innate Abilities, Weirdness & Mutations

You have large cloven feet.
You are mostly covered in razor-sharp scales. (AC +2, Slay +2)


Message History

Crazy Yiuf says, "Spliff!
Mama cloud canine."
Crazy Yiuf completely misses you.
You completely miss Crazy Yiuf.
Crazy Yiuf is severely wounded.
You feel sick.
Crazy Yiuf whimpers, "Tosser!"
Crazy Yiuf drinks a potion.
Crazy Yiuf is healed!
You hit Crazy Yiuf. Your kick misses Crazy Yiuf.
Crazy Yiuf is moderately wounded.
Crazy Yiuf yells, "Shower aubergine blue!"
Crazy Yiuf completely misses you.
You hit Crazy Yiuf but do no damage. Your kick misses Crazy Yiuf.
Crazy Yiuf is moderately wounded.
You hit Crazy Yiuf. You kick Crazy Yiuf.
Crazy Yiuf is severely wounded.
You feel sick. Crazy Yiuf closely misses you.
You hit Crazy Yiuf but do no damage.
Crazy Yiuf is severely wounded.
Crazy Yiuf hits you with a +4 quarterstaff of chaos.
Crazy Yiuf freezes you.
You hit Crazy Yiuf.
Crazy Yiuf is almost dead.
Crazy Yiuf hits you with a +4 quarterstaff of chaos!
You feel drained.
You hit Crazy Yiuf but do no damage.
Crazy Yiuf is almost dead.
You feel sick.
Crazy Yiuf hits you with a +4 quarterstaff of chaos!
* * * LOW HITPOINT WARNING * * *
You hit Crazy Yiuf but do no damage.
Crazy Yiuf is almost dead.
Crazy Yiuf closely misses you.
You hit Crazy Yiuf but do no damage.
Crazy Yiuf is almost dead.
Crazy Yiuf grits, "Lugonu sallow poople!"
Crazy Yiuf barely misses you.
You barely miss Crazy Yiuf.
Crazy Yiuf is almost dead.
Crazy Yiuf hits you but does no damage.
You are electrocuted!
You die...

###...# #..## # ##..# #.##
# #..# #.# # #..## ### #
##..## #...# #.#.## ###
♣♣#### #....# #)..#♣♣
♣♣..#.## #.)###
#...g@♣♣♣♣......# #..#
#...#♣..♣.......# #..# ###
♣♣♣.♣...##.# #####..#
♣♣♣♣♣##..# ...##..## #.##
##).....######## ##.#
####..........#########..#
#####..###...............##
..##....####...###########


You could see Crazy Yiuf.

Vanquished Creatures
  Sigmund (D:2)
  Jessica (D:2)
  2 adders (D:2)
  2 dart slugs
  8 bats
  4 giant cockroaches
  8 goblins
  7 hobgoblins
  6 jackals
  A quokka (D:2)
  A frilled lizard (D:2)
  3 kobolds
  7 rats
51 creatures vanquished.

Notes
Turn   | Place    | Note
-------+----------+-------------------------------------------
     0 | D:1      | wampuh the Demonspawn Monk began the quest for the Orb.
     0 | D:1      | Reached XP level 1. HP: 18/18 MP: 1/1
   508 | D:1      | Gained mutation: You have large cloven feet. [demonic
                  | ancestry]
   508 | D:1      | Reached XP level 2. HP: 17/24 MP: 2/2
  1179 | D:1      | Gained mutation: You are partially covered in razor-sharp
                  | scales. (AC +1, Slay +1) [demonic ancestry]
  1179 | D:1      | Reached XP level 3. HP: 28/29 MP: 3/3
  1514 | D:2      | Noticed Jessica
  1522 | D:2      | Killed Jessica
  1523 | D:2      | Reached skill level 4 in Fighting
  1523 | D:2      | Reached XP level 4. HP: 33/37 MP: 4/4
  1647 | D:2      | Noticed Sigmund
  1656 | D:2      | Reached skill level 9 in Fighting
  1656 | D:2      | Gained mutation: You are mostly covered in razor-sharp
                  | scales. (AC +2, Slay +2) [demonic ancestry]
  1656 | D:2      | Reached XP level 5. HP: 52/52 MP: 5/5
  1703 | D:2      | Killed Sigmund
  1704 | D:2      | Reached skill level 1 in Armour
  1704 | D:2      | Reached XP level 6. HP: 52/58 MP: 6/6
  1833 | D:2      | Found a glowing silver altar of Zin.
  2157 | D:2      | Found a runed translucent door.
  2158 | D:2      | Noticed Crazy Yiuf
  2181 | D:2      | Slain by Crazy Yiuf

Illustrated notes

Levels and vault maps discovered:
D:1:      roderic_crossed_star, layout_basic, chequers_serial_rivers_small_3,
          minmay_3d_cube
D:2:      layout_rooms, nicolae_overflow_hidden_temple, uniq_jessica,
          uniq_crazy_yiuf_cottage, uniq_sigmund

Skill      XL: |  1  2  3  4  5 |
---------------+----------------+-----
Dodging        | 3 8 |  8.3
Fighting       | 4 9 |  9.3
Armour         | 1 |  1.3
Maces & Flails | |  2.6
Stealth        | |  1.7

Action                   |  1- 3 |  4- 6 || total
-------------------------+-------+-------++-------
Melee: Mace              |    78 |       ||    78
       Kick              |    17 |    26 ||    43
       Dagger            |    12 |   116 ||   128
  Use: Potion            |       |     4 ||     4
 Stab: Sleeping          |     3 |     1 ||     4
Armor: Robe              |     4 |       ||     4
       Leather armour    |    30 |    14 ||    44
       Skin              |       |    20 ||    20
Dodge: Dodged            |    68 |    69 ||   137

Table legend: (Time is in decaauts)
 A = Elapsed time spent in this place.
 B = Non-inter-level travel time spent in this place.
 C = Inter-level travel time spent in this place.
 D = Time resting spent in this place.
 E = Time spent auto-exploring this place.
 F = Levels seen in this place.
 G = Mean time per level.
                   A        B        C        D        E       F      G
               +--------+--------+--------+--------+--------+-----+--------+
         Total |   2210 |   2181 |     29 |    432 |   1335 |   2 | 1105.0 |
       Dungeon |   2210 |   2181 |     29 |    432 |   1335 |   2 | 1105.0 |
               +--------+--------+--------+--------+--------+-----+--------+

Top non-repeatable levels by time:
     D:1: 1524 daAuts
     D:2: 685 daAuts
